[Event "Live Chess"]
[Site "Chess.com"]
[Date "2024.06.01"]
[Round "-"]
[White "EdenHazard8"]
[Black "KwikPhoenix"]
[Result "0-1"]
[WhiteElo "2179"]
[BlackElo "2468"]
[TimeControl "300"]
[EndTime "9:25:41 PDT"]
[Termination "KwikPhoenix won by resignation"]

1. c4 f5 2. d4 Nf6 3. Nc3 e6 4. Bg5 Be7 5. Nf3 d6 6. e3 h6 7. Bxf6 Bxf6 8. Bd3 O-O 9. Qc2 Nc6 10. O-O-O Nb4 11.
Qe2 Nxd3+ 12. Qxd3 c6 13. e4 fxe4 14. Nxe4 a5 15. c5 dxc5 16. Nxc5 Qd5 17. Kb1 b6 18. Ne4 Ba6 19. Nxf6+ Rxf6 20. Qe3 Raf8 21. Rhe1 Qf5+ 22. Ka1 Qg4 23. Rc1 Qxg2 24. Ne5 Rxf2 25. Qb3 Kh8 26. Rg1 Qxg1 27. Rxg1 Rf1+ 28. Qd1 Rxd1+ 29. Rxd1 Rc8 30. Rc1 c5 31. Nf7+ Kg8 32. Nd6 Rd8 33. dxc5 bxc5 34. Ne4 c4 35. Nc5 Bc8 36. a3 Rd4 37.
Re1 Kf7 38. Rf1+ Ke7 39. Na4 Bb7 40. Nc3 Bd5 41. Re1 g5 42. Re5 Kf6 43. Re1 Rd2 44. Ne2 h5 45. h4 gxh4 46. Nf4 Kf5 47. Nxh5 h3 48. Ng3+ Kg4 49. Ne2 h2 0-1

[Event "Live Chess"]
[Site "Chess.com"]
[Date "2024.06.01"]
[Round "-"]
[White "MiflockHydra"]
[Black "Zhevzh1k7"]
[Result "1-0"]
[WhiteElo "587"]
[BlackElo "1067"]
[TimeControl "300"]
[EndTime "9:25:44 PDT"]
[Termination "MiflockHydra won by checkmate"]

1. d4 Nf6 2. Bf4 c6 3. e3 Qb6 4. Bd3 Qxb2 5. Nd2 d5 6. Rb1 Qxa2 7. Ngf3 Bg4 8. O-O e6 9. Qe2 Nbd7 10. Ra1 Qb2 11. Rfb1 Bxf3 12. Qxf3 Qc3 13. Nf1 Nb6 14.
Bc7 Nfd7 15. Bxb6 Nxb6 16. Ra2 Bb4 17. Rb3 Qe1 18. Qg4 O-O 19. Qh3 h6 20. g4 Nc4 21.
g5 Nd2 22. gxh6 gxh6 23. Qxh6 Nf3+ 24. Kg2 Nh4+ 25. Qxh4 Rfc8 26. Bh7+ Kf8 27. Qh6+ Ke7 28. Qg5+ Kd7 29. Qf6 Be7 30. Qxf7 Rf8 31. Rxb7+ Kc8 32. Qxe7 Qxf1+ 33. Kxf1 Rb8 34. Qc7# 1-0

[Event "Live Chess"]
[Site "Chess.com"]
[Date "2024.06.01"]
[Round "-"]
[White "Ninifu"]
[Black "TheSmoulderingMaster"]
[Result "1-0"]
[WhiteElo "2068"]
[BlackElo "1742"]
[TimeControl "300"]
[EndTime "9:25:51 PDT"]
[Termination "Ninifu won by resignation"]

1. d4 Nf6 2. c4 d6 3. Nc3 g6 4. e4 Bg7 5. f4 O-O 6. Nf3 e6 7. Be2 Nc6 8. O-O Qe7 9. e5 Ne8 10.
Be3 dxe5 11. dxe5 Na5 12. a3 Bd7 13. Ne4 Bc6 14. Bc5 Qd8 15. Qxd8 Rxd8 16. Bxf8 Bxf8 17. Nc3 Bxf3 18. Rxf3 Rd2 19. b4 Nb3 20. Rd1 Rxd1+ 21. Bxd1 Nd4 22. Rd3 Nf5 23. Rd7 Ne3 24. Be2 a5 25.
Kf2 Nf5 26. c5 axb4 27. axb4 b6 28. g4 Nh6 29. Rd8 Ng7 30. Ne4 bxc5 31. Nf6+ Kh8 32.
Rxf8+ 1-0

[Event "Live Chess"]
[Site "Chess.com"]
[Date "2024.06.01"]
[Round "-"]
[White "Grieve72"]
[Black "DoggyDalmatian"]
[Result "1-0"]
[WhiteElo "2651"]
[BlackElo "1544"]
[TimeControl "300"]
[EndTime "9:26:07 PDT"]
[Termination "Grieve72 won by resignation"]

1. e4 e5 2. Nf3 Nc6 3. Bc4 Bc5 4. d3 Nf6 5. Bg5 d6 6. c3 h6 7. Bh4 g5 8. Bg3 Nh5 9. Nbd2 Nxg3 10. hxg3 Na5 11.
d4 exd4 12. cxd4 Bb4 13. Bd3 Nc6 14. d5 Ne5 15. Nxe5 dxe5 16. Qa4+ Bd7 17. Qxb4 1-0

[Event "Live Chess"]
[Site "Chess.com"]
[Date "2024.06.01"]
[Round "-"]
[White "SirGerhard"]
[Black "Crowded_House"]
[Result "1-0"]
[WhiteElo "2754"]
[BlackElo "1740"]
[TimeControl "300"]
[EndTime "9:26:13 PDT"]
[Termination "SirGerhard won by resignation"]

1. d4 e6 2. e4 d5 3. Nd2 dxe4 4.
Nxe4 Bd7 5. Nf3 Bc6 6. Bd3 Nd7 7. O-O Ngf6 8. Ng3 Be7 9. Re1 O-O 10. c3 h6 11. Bf4 Nd5 12. Bd2 Bd6 13. Ne5 Nxe5 14. dxe5 Be7 15. Qg4 Bg5 16. Rad1 Bxd2 17. Rxd2 Qg5 18.
Qxg5 hxg5 19. Ne4 Nf4 20. Bf1 Bxe4 21. Rxe4 Rfd8 22. Rdd4 Rxd4 23. Rxd4 Ng6 24. Rg4 Nxe5 25. Rxg5 f6 26. Rg3 Rd8 27. f4 Nc6 28. Bc4 Rd2 29.
Bxe6+ Kf8 30. b4 Re2 31. Bb3 Ne7 32. Rd3 Ke8 33. h4 Re1+ 34. Kf2 Rc1 35. h5 Nc6 36. g4 Rh1 37. Kg2 Re1 38. g5 fxg5 39. fxg5 Re5 40. Rg3 Ne7 41. Kf3 Rf5+ 42. Ke4 Rf1 43. Rh3 Re1+ 44. Kd3 Rg1 45. h6 gxh6 46. gxh6 Ng6 47.
h7 Nh8 48. Ke4 Re1+ 49. Kf5 Rf1+ 50. Ke5 Re1+ 51. Kd4 Rf1 52. Rg3 Rf4+ 53. Ke5 Rf8 54. Rg7 Kd8 55. Bd5 Re8+ 56. Kd4 b6 57. Kc4 Rf8 58.
Kb5 Kc8 59. Rg8 Ng6 60. Rxg6 Rh8 61. Rg8+ Rxg8 62.
hxg8=Q+ 1-0

[Event "Live Chess"]
[Site "Chess.com"]
[Date "2024.06.01"]
[Round "-"]
[White "MagnersCarlsberg2870"]
[Black "IanCalvert2"]
[Result "1-0"]
[WhiteElo "1895"]
[BlackElo "1610"]
[TimeControl "300"]
[EndTime "9:26:13 PDT"]
[Termination "MagnersCarlsberg2870 won on time"]

1. Nf3 d5 2. e4 dxe4 3. Ng5 Bf5 4. g4 Bg6 5. Bg2 Nf6 6. d3 h6 7. Nxe4 Nxe4 8. dxe4 Qxd1+ 9. Kxd1 Nc6 10. c3 O-O-O+ 11. Ke2 e6 12. f4 f5 13. gxf5 exf5 14. e5 Bh5+ 15. Bf3 Bxf3+ 16. Kxf3 g5 17. h3 Bc5 18. Be3 Rd3 19. Re1 Nd8 20. Nd2 Ne6 21. Nf1 Bxe3 22. Rxe3 Rxe3+ 23. Nxe3 Nxf4 24. Nxf5 Rf8 25. Ke4 Nxh3 26. e6 Nf4 27. e7 Re8 28. Rh1 Ng6 29.
Rxh6 Nxe7 30. Nxe7+ Rxe7+ 31. Kf5 Re2 32. Kxg5 Rxb2 33.
Rh8+ Kd7 34. Rh7+ Kc6 35. Rh6+ Kc5 36. Rh7 Kc4 37. Rxc7+ Kd3 38. Kf4 Rxa2 39. Rxb7 Rc2 40. Rxa7 Rxc3 41. Rd7+ Kc2 42. Ke4 Kb2 43. Rb7+ Kc2 44. Kd4 Rd3+ 45. Ke4 Rc3 46. Ra7 1-0

[Event "Live Chess"]
[Site "Chess.com"]
[Date "2024.06.01"]
[Round "-"]
[White "ProfPoisson"]
[Black "willc-h99"]
[Result "0-1"]
[WhiteElo "1234"]
[BlackElo "2667"]
[TimeControl "300"]
[EndTime "9:26:14 PDT"]
[Termination "willc-h99 won by resignation"]

1. e4 d5 2. exd5 Qxd5 3. Nc3 Qd6 4. d4 Nf6 5. Nf3 a6 6. a4 Nc6 7. Bc4 Bg4 8. O-O e6 9. Be2 O-O-O 10. Qd3 Bxf3 11.
Bxf3 Nxd4 12. Ne4 Nxf3+ 13. Qxf3 Qc6 14. Re1 Nxe4 15. Be3 Nf6 16. Qxc6 bxc6 17. b4 Bxb4 18. Reb1 Nd5 19. c3 Bxc3 20. Rb3 Bxa1 0-1

[Event "Live Chess"]
[Site "Chess.com"]
[Date "2024.06.01"]
[Round "-"]
[White "YukHei_Lee2011"]
[Black "Brooms1989"]
[Result "1-0"]
[WhiteElo "2015"]
[BlackElo "1032"]
[TimeControl "300"]
[EndTime "9:26:15 PDT"]
[Termination "YukHei_Lee2011 won by resignation"]

1. e4 e5 2. Nf3 Nc6 3. Bc4 Nf6 4.
d4 exd4 5. O-O Be7 6. e5 Ng4 7. Re1 O-O 8. h3 d5 9. Bb5 Ncxe5 10. Nxe5 Nxe5 11. Rxe5 c6 12. Bd3 Bd6 13. Re1 f5 14. c3 dxc3 15. Nxc3 Qf6 16. Qf3 f4 17. Qh5 g6 18. Qf3 Bf5 19. Bxf5 Qxf5 20. Bd2 Rae8 21.
Ne2 g5 22. Nd4 Qf7 23. Qg4 1-0

[Event "Live Chess"]
[Site "Chess.com"]
[Date "2024.06.01"]
[Round "-"]
[White "TedUdale"]
[Black "Richardallis"]
[Result "0-1"]
[WhiteElo "2158"]
[BlackElo "1983"]
[TimeControl "300"]
[EndTime "9:26:18 PDT"]
[Termination "Richardallis won by resignation"]

1. e4 d5 2. exd5 Nf6 3. Nc3 Nxd5 4. Bc4 c6 5. Nf3 Bg4 6. h3 Bxf3 7. Qxf3 e6 8. d3 Nd7 9. O-O Ne5 10. Qe4 Bd6 11. f4 Nxc4 12. dxc4 Nxc3 13. bxc3 O-O 14. Be3 Qe7 15. f5 exf5 16. Qxe7 Bxe7 17. Rxf5 Rfe8 18. Bd4 b6 19. Raf1 c5 20. Be5 f6 21. Bg3 Bf8 22. Rd5 Re4 23. Rf4 Rae8 24. Rd7 Rxf4 25. Bxf4 Re4 26.
Bb8 Rxc4 27. Bxa7 Rxc3 28. Bxb6 Rxc2 29. a4 c4 30. Rd8 Kf7 31. a5 Rb2 32. Rc8 Rb4 33.
Kf2 Bd6 34. Ke3 Be5 35. Kd2 h5 36. Rc6 c3+ 37. Kc2 Rb2+ 38. Kd3 Ra2 39. Rc5 g5 40. g4 hxg4 41. hxg4 Rd2+ 42. Ke3 Ra2 43. Kd3 Ke6 44. Rc6+ Kd5 45. Rxc3 Bxc3 46. Kxc3 Kc6 47. Bd8 Ra4 48. Bxf6 Rxg4 49. Kb3 Kb5 50. Bd8 Rg3+ 51. Kc2 g4 52. Kd2 Rf3 53. Ke2 Rf8 54. Bc7 Rf3 55. Kd2 Kc4 56.
Ke2 Kd5 57. Bb8 Ke4 58. a6 Ra3 59. a7 Ra2+ 60. Kf1 Kf3 61. Kg1 g3 62. Be5 Rxa7 63.
Kf1 Rb7 64. Ke1 Re7 0-1

[Event "Live Chess"]
[Site "Chess.com"]
[Date "2024.06.01"]
[Round "-"]
[White "Pedrada88"]
[Black "gmnorfolk"]
[Result "1-0"]
[WhiteElo "2552"]
[BlackElo "2132"]
[TimeControl "300"]
[EndTime "9:26:21 PDT"]
[Termination "Pedrada88 won on time"]

1. e4 e5 2. Nf3 Nc6 3. Bb5 a6 4. Bxc6 dxc6 5. O-O Qf6 6. d4 exd4 7. Bg5 Qd6 8. Nxd4 Bd7 9. Nc3 Be7 10. Be3 c5 11.
Nf5 Qxd1 12. Raxd1 Bf8 13. Nd5 O-O-O 14. Bf4 Bxf5 15. exf5 Bd6 16. Bxd6 Rxd6 17. Rfe1 Nh6 18. Re7 Rhd8 19. Rxc7+ Kb8 20. Rxc5 b6 21. Rc4 Rxd5 22.
Rxd5 Rxd5 23. g4 f6 24. Re4 Kc7 25. c4 Re5 26. Rxe5 fxe5 27. f3 Kc6 28. Kf2 Kc5 29.
b3 Kd4 30. h4 Kc3 31. Ke3 Kb2 32. b4 Kxa2 33. c5 bxc5 34. bxc5 Nf7 35. c6 a5 36. g5 a4 37. g6 hxg6 38. fxg6 Nd6 39. h5 a3 40. h6 Kb3 41. hxg7 Nf5+ 42. Ke4 Nxg7 43. c7 a2 44. c8=Q a1=Q 45. Qg8+ Kb4 46. Qxg7 Qd4+ 47. Kf5 Qf4+ 48. Ke6 Qc4+ 49. Ke7 Qc7+ 50.
Kf6 Qc6+ 51. Kg5 Qc1+ 52. Kf6 Qc6+ 53. Kf7 Qd7+ 54. Kg8 Qe6+ 55. Qf7 Qc6 56. g7 1-0

[Event "Live Chess"]
[Site "Chess.com"]
[Date "2024.06.01"]
[Round "-"]
[White "PureDashingOctopus"]
[Black "GEMdzq"]
[Result "0-1"]
[WhiteElo "2223"]
[BlackElo "2346"]
[TimeControl "300"]
[EndTime "9:26:26 PDT"]
[Termination "GEMdzq won on time"]

1. e4 Nf6 2. e5 Nd5 3. d4 d6 4.
exd6 cxd6 5. Nf3 g6 6. Be2 Bg7 7. O-O O-O 8. a4 Bf5 9. Bd2 Nc6 10. c4 Ndb4 11. Na3 a5 12. Bc3 e5 13. d5 Ne7 14.
Nb5 Bh6 15. Bxb4 axb4 16. Qb3 Bd7 17. Qxb4 Bxb5 18. axb5 Qd7 19. Rfd1 e4 20. Nd4 e3 21. f3 Nf5 22. Nc2 Qe7 23. Rxa8 Rxa8 24. Bd3 Nh4 25. Qe1 Qg5 26. Qg3 Qf6 27. Qe1 Re8 28. Qe2 Qxb2 29. g3 Nf5 30. Bxf5 gxf5 31. f4 Bg7 32. Rd3 Re4 33. Rd1 Qc3 34. Re1 Rxc4 35. Nxe3 Re4 36.
Qf2 Bd4 0-1

[Event "Live Chess"]
[Site "Chess.com"]
[Date "2024.06.01"]
[Round "-"]
[White "Bob2pen"]
[Black "JP56789"]
[Result "0-1"]
[WhiteElo "1838"]
[BlackElo "2295"]
[TimeControl "300"]
[EndTime "9:26:35 PDT"]
[Termination "JP56789 won by resignation"]

1. c4 c6 2. g3 d5 3. Bg2 Nf6 4. Nf3 Bg4 5. O-O e6 6. b3 Be7 7.
Bb2 O-O 8. d3 c5 9. cxd5 exd5 10. Nbd2 Nc6 11. Rc1 Rc8 12. h3 Be6 13. Ne5 Nxe5 14.
Bxe5 b6 15. Kh2 Bd6 16. Bxd6 Qxd6 17. Nf3 Rfd8 18. Qd2 h6 19. Qf4 Qxf4 20. gxf4 d4 21. Ne5 Bd5 22. Ng4 Nh5 23. f5 Bxg2 24. Kxg2 Nf4+ 25. Kf3 Nxh3 26. f6 Ng5+ 27. Kg2 Re8 28.
f4 Rxe2+ 29. Rf2 Rxf2+ 30. Kxf2 Ne6 31. Kf3 h5 32. Ne5 gxf6 33. Rg1+ Kf8 34. Nd7+ Ke7 0-1

[Event "Live Chess"]
[Site "Chess.com"]
[Date "2024.06.01"]
[Round "-"]
[White "Berdgross"]
[Black "Nathaniel250"]
[Result "0-1"]
[WhiteElo "579"]
[BlackElo "1425"]
[TimeControl "300"]
[EndTime "9:26:43 PDT"]
[Termination "Nathaniel250 won by resignation"]

1. e4 c5 2. d3 Nc6 3. Nf3 e6 4. Nc3 Nf6 5. a3 d5 6. exd5 exd5 7.
Bg5 Be7 8. Bxf6 Bxf6 9. Be2 Bxc3+ 10. bxc3 O-O 11. O-O Re8 12. Re1 Bg4 13. Bf1 Rxe1 14. Qxe1 Bxf3 15. gxf3 Qf6 16. c4 Nd4 17. cxd5 Nxf3+ 18.
Kg2 Nxe1+ 19. Rxe1 h6 20. Be2 Qg5+ 21. Kf1 Qxd5 0-1

[Event "Live Chess"]
[Site "Chess.com"]
[Date "2024.06.01"]
[Round "-"]
[White "Dhaydon19"]
[Black "E2E4colchester"]
[Result "1-0"]
[WhiteElo "2709"]
[BlackElo "989"]
[TimeControl "300"]
[EndTime "9:26:53 PDT"]
[Termination "Dhaydon19 won by resignation"]

1. d4 d5 2. Nf3 Nc6 3. g3 e6 4. c3 Nf6 5. Bg2 Be7 6. O-O O-O 7. Nbd2 Re8 8. Re1 b6 9. e4 dxe4 10. Nxe4 Nxe4 11. Rxe4 Bf6 12. Qc2 Ba6 13. h4 Qd5 14.
Re1 h6 15. Ng5 Bxg5 16. Bxd5 exd5 17. Rxe8+ Rxe8 18. hxg5 hxg5 19. Bxg5 Re4 20. Be3 g6 21. Re1 Na5 22. Bd2 Nc4 23. Rxe4 dxe4 24. Bf4 f5 25. Bxc7 b5 26. b3 Na3 27. Qb2 b4 28. cxb4 Nb5 29.
Be5 Nc7 30. Bxc7 Bb5 31. d5 Ba6 32. Qf6 1-0

[Event "Live Chess"]
[Site "Chess.com"]
[Date "2024.06.01"]
[Round "-"]
[White "Trendle"]
[Black "Queensandpawns"]
[Result "0-1"]
[WhiteElo "2611"]
[BlackElo "2466"]
[TimeControl "300"]
[EndTime "9:27:06 PDT"]
[Termination "Queensandpawns won by resignation"]

1. d4 Nc6 2. Nf3 d6 3. e4 Nf6 4.
Nc3 g6 5. h3 Bg7 6. Bg5 O-O 7.
Qd2 e5 8. O-O-O exd4 9. Nxd4 Nxd4 10. Qxd4 h6 11. Bh4 g5 12. Bg3 Re8 13. Qd3 Nd7 14.
h4 Nc5 15. Qd2 g4 16. f3 h5 17. Kb1 a6 18. Nd5 c6 19. Ne3 Qf6 20. c3 gxf3 21.
e5 Qg6+ 22. Bd3 Qxg3 23. gxf3 Qxe5 24. Nc4 Qd5 25. Rhg1 Qxd3+ 26. Qxd3 Nxd3 27. Rxd3 Bf5 0-1

[Event "Live Chess"]
[Site "Chess.com"]
[Date "2024.06.01"]
[Round "-"]
[White "Trecregin"]
[Black "seasidecastle27"]
[Result "1-0"]
[WhiteElo "1829"]
[BlackElo "1962"]
[TimeControl "300"]
[EndTime "9:27:10 PDT"]
[Termination "Trecregin won by resignation"]

1. e4 e6 2. d4 d5 3. Nc3 dxe4 4. Nxe4 Be7 5. Nf3 Nf6 6. Bd3 Bd7 7. Qe2 Bc6 8. c3 Qd5 9. Nxf6+ Bxf6 10. O-O Nd7 11. c4 Qh5 12. d5 Ba4 13. dxe6 O-O-O 14. exd7+ Rxd7 15. Bf4 Bc6 16. Rad1 Qg4 17. Bg3 h5 18. h3 Bxf3 19. Qxf3 Qxf3 20. gxf3 Kb8 21. Bf5 Re7 22. Rfe1 Rxe1+ 23. Rxe1 Bxb2 24. Re7 g6 25. Be4 f5 26. Rxc7 fxe4 27. Rh7+ Kc8 28. Rc7+ Kb8 29. fxe4 h4 30.
Bd6 Rc8 31. Rc6+ 1-0

[Event "Live Chess"]
[Site "Chess.com"]
[Date "2024.06.01"]
[Round "-"]
[White "YrrriKharkiv"]
[Black "blunderabit"]
[Result "1-0"]
[WhiteElo "2104"]
[BlackElo "1816"]
[TimeControl "300"]
[EndTime "9:27:25 PDT"]
[Termination "YrrriKharkiv won on time"]

1. d4 d5 2. Bf4 Nf6 3. e3 c5 4.
Nc3 a6 5. a4 cxd4 6. exd4 Nc6 7.
Nf3 Bf5 8. Bd3 Bxd3 9. Qxd3 e6 10. O-O Be7 11. Rfe1 O-O 12. Ng5 h6 13. Nf3 Rc8 14.
Ne5 Nxe5 15. Bxe5 Bd6 16. Bg3 Bb4 17. Bh4 Bxc3 18. bxc3 g5 19. Bg3 Ne4 20. Ra3 Qa5 21.
Re3 Rc6 22. f3 Nd6 23. Bxd6 Rxd6 24. h4 Qd8 25. Re5 Kg7 26. Rb3 Rd7 27. hxg5 hxg5 28.
Qe3 Kh6 29. Kf2 Rg8 30. Rb1 Rg6 31. f4 Kg7 32. fxg5 Qh8 33. Rf1 Qh4+ 34. Qg3 Qxg3+ 35. Kxg3 Rc7 36. Rf3 Rc4 37. a5 Ra4 38. Re1 Rxa5 39. Ref1 f6 40. Rxf6 Rb5 41. Rxg6+ Kxg6 42. Kg4 Rb6 43. Rf6+ Kg7 44. Kh5 a5 45. Rg6+ Kf8 46. Kh6 1-0

[Event "Live Chess"]
[Site "Chess.com"]
[Date "2024.06.01"]
[Round "-"]
[White "TheRedDrag"]
[Black "FlyingChessKestrel13"]
[Result "0-1"]
[WhiteElo "2175"]
[BlackElo "2138"]
[TimeControl "300"]
[EndTime "9:27:37 PDT"]
[Termination "FlyingChessKestrel13 won by resignation"]

1. e4 e5 2. Nf3 Nf6 3. Nxe5 d6 4. Nf3 Nxe4 5. Nc3 Nxc3 6. dxc3 Be7 7. Be3 Bf6 8. Qd2 O-O 9. Bd3 Nc6 10. h4 Bg4 11. Ng5 Bxg5 12. hxg5 g6 13. f3 Be6 14. Qf2 Kg7 15. Qh4 Rh8 16. Qh6+ Kg8 17. b4 Qf8 18. b5 Qxh6 19. gxh6 Ne5 20. Bd4 f6 21. O-O-O Kf7 22.
Rde1 Rhe8 23. Bxe5 dxe5 24. a4 Rad8 25. g4 Bd5 26.
Rhf1 c5 27. c4 Be6 28. a5 Rd4 29. Re4 Red8 30. Kb2 Rxe4 31. fxe4 Ke7 32. g5 fxg5 33. Kc3 g4 34. Be2 Rf8 35. Rg1 Rf4 36. Kd3 g5 37.
Ke3 Kf6 38. Rd1 Kg6 39. Rd6 Rf6 40. c3 Kf7 41. b6 a6 42. Bd1 Rxh6 43. Bxg4 Rf6 44.
Bxe6+ Rxe6 45. Rd7+ Re7 46. Rd5 h5 47. Rxc5 h4 48. Kf3 Ke6 49. Rc8 Rh7 50. Re8+ Kd6 51. Kg2 g4 52. Rg8 h3+ 53. Kh2 Kc5 54. Rxg4 Kxc4 55. Rg5 Re7 56. Kxh3 Kxc3 57. Kg4 Kb4 58.
Rg6 Kxa5 59. Kf5 Kb5 60. Rg3 Kxb6 61. Kf6 Re8 62. Kf7 Rc8 63. Ke6 Rc5 64. Rb3+ Kc6 65. Rb2 a5 66. Rd2 a4 67. Ra2 b5 68. Rb2 a3 69. Rd2 b4 70. Rd6+ Kb5 71. Rd5 a2 72. Rxe5 Rxe5+ 73. Kxe5 a1=Q+ 74. Kf5 b3 75. e5 b2 76. Ke6 b1=Q 77. Kd6 Qd3+ 78. Ke6 Qa6+ 79. Kf7 Qf5+ 80. Ke7 0-1

[Event "Live Chess"]
[Site "Chess.com"]
[Date "2024.06.01"]
[Round "-"]
[White "Bradfield133"]
[Black "Tatarinov_Maxim"]
[Result "0-1"]
[WhiteElo "2043"]
[BlackElo "2282"]
[TimeControl "300"]
[EndTime "9:27:41 PDT"]
[Termination "Tatarinov_Maxim won by resignation"]

1. c4 Nf6 2. g3 g6 3. Bg2 Bg7 4. Nc3 O-O 5. e4 c5 6. Nge2 Nc6 7. O-O a6 8. a3 Rb8 9. Rb1 b5 10. cxb5 axb5 11. b4 c4 12. a4 bxa4 13. b5 Ne5 14. Qxa4 d6 15. h3 Be6 16. Nd5 Nxd5 17. exd5 Bf5 18.
Rb4 Bd3 19. Re1 Ra8 20. Qd1 Ra1 21. Nf4 Qa5 22. Rb2 Rb8 23. Bf1 Rxc1 24. Qxc1 Nf3+ 0-1

[Event "Live Chess"]
[Site "Chess.com"]
[Date "2024.06.01"]
[Round "-"]
[White "PatientChessPapa"]
[Black "dl_chess"]
[Result "0-1"]
[WhiteElo "888"]
[BlackElo "1163"]
[TimeControl "300"]
[EndTime "9:27:48 PDT"]
[Termination "dl_chess won on time"]

1. e4 e6 2. d4 d5 3. exd5 exd5 4. c4 Nf6 5. Nc3 Be6 6. cxd5 Nxd5 7. Nf3 Bb4 8. Bg5 f6 9. Bd2 O-O 10. Be2 Re8 11. O-O Nc6 12. a3 Nxc3 13. bxc3 Ba5 14. Re1 Bf5 15. Bc4+ Kh8 16. d5 Ne5 17. Ba2 Bb6 18.
c4 Nd3 19. Rxe8+ Qxe8 20. Be3 Bxe3 21. fxe3 Qxe3+ 0-1

[Event "Live Chess"]
[Site "Chess.com"]
[Date "2024.06.01"]
[Round "-"]
[White "Yarigo"]
[Black "KyryloPoluliakh"]
[Result "1-0"]
[WhiteElo "2448"]
[BlackElo "1464"]
[TimeControl "300"]
[EndTime "9:27:51 PDT"]
[Termination "Yarigo won by resignation"]

1. d4 Nf6 2. Nf3 g6 3. Bf4 Bg7 4. Nc3 O-O 5. Qd2 Re8 6. Bh6 Bh8 7. e4 d6 8. h3 e5 9. dxe5 dxe5 10. Qxd8 Rxd8 11.
Bc4 Ne8 12. Ng5 Nd6 13. Nd5 Rd7 14. O-O-O Nc6 15. Nxc7 Nxc4 16. Rxd7 Bxd7 17. Nxa8 f6 18. Rd1 Bc8 19. Nf3 g5 20. b3 N4a5 21. Nc7 Kf7 22. Nd5 Kg6 23. Bf8 g4 24. hxg4 Bxg4 25.
c3 b6 26. Ne3 Bc8 27. Rd6 Kf7 28. b4 Kxf8 29. bxa5 Nxa5 30. Rd8+ Kf7 31. Rxc8 Bg7 32.
Rc7+ 1-0

[Event "Live Chess"]
[Site "Chess.com"]
[Date "2024.06.01"]
[Round "-"]
[White "NAZRIZ1977"]
[Black "gunslinger222"]
[Result "0-1"]
[WhiteElo "2122"]
[BlackElo "2279"]
[TimeControl "300"]
[EndTime "9:28:01 PDT"]
[Termination "gunslinger222 won by resignation"]

1. e4 e6 2. d3 d5 3. Nd2 Nf6 4. Ngf3 Be7 5. g3 c5 6. Bg2 Nc6 7. O-O h6 8. Re1 O-O 9. e5 Nh7 10. Nf1 f5 11. exf6 Bxf6 12. Bf4 Bxb2 13. h4 Bxa1 14.
Qxa1 Nf6 15. N1h2 d4 16. Qc1 Qe7 17. g4 Nd5 18. Bd2 Qf7 19. h5 Nf4 20. g5 Nxg2 21.
g6 Qf5 22. Kxg2 Qxh5 23. Rg1 e5 24. Kf1 Rxf3 25. Nxf3 Qxf3 26. Rg3 Qh1+ 0-1

[Event "Live Chess"]
[Site "Chess.com"]
[Date "2024.06.01"]
[Round "-"]
[White "Ferrarifan27"]
[Black "13Alexey"]
[Result "1-0"]
[WhiteElo "2077"]
[BlackElo "739"]
[TimeControl "300"]
[EndTime "9:28:04 PDT"]
[Termination "Ferrarifan27 won by resignation"]

1. e4 e5 2. Nf3 Nc6 3. Bb5 Nf6 4.
O-O Bc5 5. Bxc6 dxc6 6. Nxe5 Qd4 7. Nd3 O-O 8. Nxc5 Qxc5 9. d4 Qb5 10. Nc3 Qb6 11.
Rb1 Bg4 12. f3 Bh5 13. Kh1 Rad8 14. Be3 Qa6 15. Qe2 Qa5 16. Rfd1 h6 17. Qf2 b6 18.
Qg3 Kh8 19. Qh4 Bg6 20. Bxh6 gxh6 21. Qxf6+ Kg8 22. a3 Rd6 23. Qf4 c5 24. dxc5 Qxc5 25. Rxd6 cxd6 26. Rd1 Rd8 27. Qxh6 1-0

[Event "Live Chess"]
[Site "Chess.com"]
[Date "2024.06.01"]
[Round "-"]
[White "nitrofish07"]
[Black "jumush"]
[Result "1-0"]
[WhiteElo "2118"]
[BlackElo "1733"]
[TimeControl "300"]
[EndTime "9:28:40 PDT"]
[Termination "nitrofish07 won by resignation"]

1. e4 d5 2. exd5 Qxd5 3. Nc3 Qa5 4. b4 Qxb4 5. Nb5 Qa5 6. Bc4 c6 7. Bxf7+ Kxf7 8. Qh5+ g6 9. Nd6+ exd6 10. Qxa5 Bg7 11. Qc7+ Nd7 12. Nf3 Nf6 13. Qxd6 Re8+ 14. Kf1 Nb6 15.
g3 Bh3+ 16. Kg1 Rad8 17. Qb4 Re4 18. Ng5+ Kg8 19. Nxe4 Re8 20. Nxf6+ Bxf6 21. Bb2 Bxb2 22. Qxb2 1-0

[Event "Live Chess"]
[Site "Chess.com"]
[Date "2024.06.01"]
[Round "-"]
[White "LanceMaster23"]
[Black "elephantgerrald"]
[Result "1-0"]
[WhiteElo "1832"]
[BlackElo "714"]
[TimeControl "300"]
[EndTime "9:28:51 PDT"]
[Termination "LanceMaster23 won by checkmate"]

1. Nf3 d5 2. d4 Nc6 3. Bf4 Bg4 4. Nbd2 Bxf3 5. Nxf3 Nf6 6. e3 e6 7. Be2 g6 8. O-O Bg7 9. c3 O-O 10. Qb3 b6 11. Rfe1 a5 12. a4 Ne4 13. Rad1 Nf6 14. Ne5 Nxe5 15. Bxe5 c6 16. Bf3 Ra6 17. e4 h5 18.
exd5 exd5 19. h3 Re8 20. Be2 b5 21. axb5 Rb6 22. Qa4 cxb5 23. Bxb5 Re7 24. Qxa5 Rb8 25. Qxd8+ Rxd8 26. Bxf6 Bxf6 27. Rxe7 Bxe7 28. Re1 Re8 29. Bxe8 Kf8 30. Bc6 Kg7 31. Rxe7 Kf6 32. Re5 Kg7 33. Bxd5 Kf6 34. b4 Kg7 35. b5 Kf6 36. b6 Kg7 37. Re7 Kf6 38. Rxf7+ Kg5 39. b7 Kh6 40. b8=Q Kg5 41.
Qf4# 1-0

[Event "Live Chess"]
[Site "Chess.com"]
[Date "2024.06.01"]
[Round "-"]
[White "KeithArkell"]
[Black "alicechristina"]
[Result "1-0"]
[WhiteElo "2514"]
[BlackElo "1632"]
[TimeControl "300"]
[EndTime "9:28:54 PDT"]
[Termination "KeithArkell won by resignation"]

1. d4 d5 2. Nf3 e6 3. c4 c6 4.
cxd5 exd5 5. Nc3 Nf6 6. Qc2 Be7 7. Bg5 O-O 8. e3 Re8 9. Bd3 Nbd7 10. O-O h6 11.
Bh4 Ne4 12. Bxe4 Bxh4 13. Bh7+ Kh8 14. Nxh4 Qxh4 15. Bf5 Nf6 16. b4 Ne4 17. Bxc8 Raxc8 18. Nxe4 Rxe4 19. b5 Re6 20. Rfc1 Qg5 21. Qd1 Rg6 22. Qf3 Rf6 23. Qg3 Qf5 24. bxc6 Rfxc6 25. Rxc6 Rxc6 26. Qb8+ Kh7 27. Qxb7 Rc2 28. Rf1 Rxa2 29. Qb3 Rc2 30. h3 Rc6 31. Qa4 Rg6 32. Kh2 Qe4 33. g3 Qd3 34.
Rc1 a6 35. Qc2 Qxc2 36. Rxc2 Rb6 37. Ra2 Kg6 38. Ra5 Rd6 39. g4 Kf6 40. Kg3 Ke6 41.
h4 Rb6 42. Kf4 Rd6 43. h5 Kf6 44. Rc5 Ke6 45. Rc7 Rd7 46. Rc6+ Rd6 47. Rc8 Rb6 48. Rg8 Kf6 49. Ra8 Ke6 50. Ra7 Kf6 51. f3 g5+ 52. hxg6 fxg6 53. Rd7 g5+ 54. Kg3 Ke6 55. Rh7 Rb3 56.
Rxh6+ Kf7 57. Kf2 a5 58. Ra6 Ra3 59. f4 gxf4 60. exf4 a4 61. g5 Ra1 62. Kf3 a3 63. Kg4 a2 64. Kf5 Ke7 65. g6 Kf8 66. Kf6 1-0

[Event "Live Chess"]
[Site "Chess.com"]
[Date "2024.06.01"]
[Round "-"]
[White "peteopeteo"]
[Black "NottheBishopSacrifice"]
[Result "0-1"]
[WhiteElo "1623"]
[BlackElo "2113"]
[TimeControl "300"]
[EndTime "9:28:58 PDT"]
[Termination "NottheBishopSacrifice won on time"]

1. e4 c6 2. Nc3 d5 3. Nf3 dxe4 4.
Nxe4 Nf6 5. Ng3 g6 6. Bc4 Bg7 7.
O-O O-O 8. c3 Nbd7 9. Qb3 Nb6 10. d4 Nxc4 11. Qxc4 a5 12. Re1 Be6 13. Qd3 Bd5 14. Be3 b5 15. Ne5 Nd7 16. Nxd7 Qxd7 17. Ne4 a4 18. Nc5 Qc7 19. g3 e5 20. Rad1 exd4 21.
Bxd4 Rfe8 22. Bxg7 Kxg7 23. Re2 Bc4 24. Qd4+ Kg8 25.
Rxe8+ Rxe8 26. Nd7 Re6 27. Nc5 Re2 28. Qf6 Bd5 29. b4 Qe5 30. Qxe5 Rxe5 31. Nd3 Re2 32. a3 Ra2 33. Nf4 Rxa3 34. Nxd5 cxd5 35. Rxd5 Rxc3 36. Rxb5 a3 37. Ra5 Rb3 38. Kg2 Kf8 39. b5 Ke7 40. Ra7+ Ke6 41. b6 h5 42. b7 h4 43. Ra6+ Ke7 44.
b8=Q Rxb8 45. Rxa3 Rb4 46. Re3+ Kf8 47. gxh4 Rxh4 48.
Kg3 Ra4 49. Rf3 Kg7 50. h4 f5 51. Rf4 Ra3+ 52. f3 Ra1 53. Kg2 Ra2+ 54. Kg3 Rb2 55.
h5 Kh6 56. hxg6 Kxg6 57. Rh4 Kg5 58. Rd4 Rb1 59. Kg2 f4 60. Rd5+ Kh4 61. Rd8 Rb2+ 62. Kf1 Kg3 63. Rg8+ Kxf3 64. Ke1 Rb1+ 65. Kd2 Kf2 66.
Rh8 f3 67. Rh2+ Kg3 0-1